 Dungeon Crawl Stone Soup version 0.23-a0-49-gd9f7a49 (webtiles) character file.

1461 galech the Skirmisher (level 8, -11/88 HPs)
             Began as an Ogre Berserker on Aug 7, 2018.
             Was a Priest of Trog.
             Killed by divine providence
             ... invoked by an orc priest
              (12 damage)
             ... on level 5 of the Dungeon.
             The game lasted 00:06:35 (6902 turns).

galech the Skirmisher (Ogre Berserker)              Turns: 6902, Time: 00:06:36

Health: -11/88     AC:  8    Str: 24    XL:     8   Next: 77%
Magic:  0/8        EV: 11    Int:  8    God:    Trog [***...]
Gold:   191        SH:  0    Dex:  8    Spells: 7/7 levels left

rFire    . . .     SeeInvis .   a - +0 mace
rCold    . . .     Gourm    .   (no shield)
rNeg     . . .     Faith    .   b - +0 animal skin
rPois    .         Spirit   +   (helmet restricted)
rElec    .         Reflect  .   (no cloak)
rCorr    .         Harm     .   (gloves unavailable)
MR       .....                  (boots unavailable)
Stlth    ++........             o - amulet of guardian spirit
HPRegen  0.24/turn              h - +2 ring of protection
MPRegen  0.11/turn              t - +3 ring of protection

@: berserk cooldown, slowed, very slow
A: large, unfitting armour, tough skin 1
a: Berserk, Trog's Hand, Renounce Religion


You were on level 5 of the Dungeon.
You worshipped Trog.
Trog was most pleased with you.
You were not hungry.

You visited 1 branch of the dungeon, and saw 6 of its levels.

You collected 191 gold pieces.

Inventory:

Hand Weapons
 a - a +0 mace (weapon)
 u - a +0 giant spiked club
Armour
 b - a +0 animal skin (worn)
Jewellery
 h - a +2 ring of protection (left hand)
 i - a +2 amulet of reflection
 o - an amulet of guardian spirit (around neck)
 t - a +3 ring of protection (right hand)
Scrolls
 l - 3 scrolls of teleportation {unknown}
 p - 7 scrolls of identify {unknown}
 q - a scroll of amnesia {unknown}
 r - a scroll of fog {unknown}
 s - a scroll of enchant weapon {unknown}
 v - 3 scrolls of remove curse {unknown}
Potions
 d - a potion of haste {unknown}
 e - 2 potions of degeneration {unknown}
 f - a potion of invisibility {unknown}
 g - 3 potions of curing
 j - a potion of berserk rage {unknown}
 k - a potion of might {unknown}
 m - a potion of agility {unknown}
 n - 2 potions of flight {unknown}
 w - 2 potions of magic {unknown}
 x - a potion of mutation {unknown}
 z - 2 potions of heal wounds {unknown}
Comestibles
 c - 5 rations
 A - 4 chunks of flesh


   Skills:
 + Level 7.8 Fighting
 + Level 7.2 Maces & Flails
 + Level 5.2 Dodging
 + Level 2.1 Stealth


You had 7 spell levels left.
You didn't know any spells.
Your spell library was empty.

Dungeon Overview and Level Annotations

Branches:
Dungeon (6/15)             Temple (0/1) D:4

Altars:
Qazlal


Innate Abilities, Weirdness & Mutations

You are too large for most types of armour.
You have tough skin. (AC +1)


Message History

* * * LOW HITPOINT WARNING * * *
The orc priest misses you. The orc misses you.
You closely miss the orc priest.
The orc priest is almost dead.
The orc priest miscasts a cantrip.
The orc hits you but does no damage. The orc priest hits you with a club.
* * * LOW HITPOINT WARNING * * *
The orc priest hits you with a club.
* * * LOW HITPOINT WARNING * * *
You closely miss the orc priest.
The orc priest is almost dead.
The orc hits you but does no damage. The orc priest hits you with a club.
* * * LOW HITPOINT WARNING * * *
The orc priest barely misses you. The orc hits you but does no damage.
You closely miss the orc priest.
The orc priest is almost dead.
The orc priest misses you.
The orc priest invokes the aid of Beogh against you.
Beogh smites you!
You die...

##### # #...# # #...# ###...#
####### ....<.# #...o.# ####
####'#### #....@## #...
.#......#
#...o.o############...
.#.#.##.#
#.....(#..........+...
...#.##.#
##...#.#.#####..###...
.###.##.# ####.#.#.#
#........#. ####.##.#
#......#.###.#....#.#.
#...#.####.#....#...#.#......#.
#...........###.###.#.#..###.#.
#....#......# #.....#.#......#.


You could see 2 orc priests and an orc.

Vanquished Creatures
  Grinder (D:3)
  A sky beast (D:5)
  A phantom (D:4)
  4 ogres
  A scorpion (D:5)
  3 hounds
  A quasit (D:5)
  A jelly (D:3)
  2 gnoll shamans
  4 orc wizards
  2 worker ants
  A mummy (D:4)
  A worker ant zombie (D:5)
  2 howler monkey skeletons
  7 adders
  12 gnolls
  A shadow imp (D:5)
  An adder zombie (D:5)
  3 worms
  A dart slug (D:2)
  2 leopard geckos
  13 orcs
  13 bats
  A giant cockroach (D:4)
  10 hobgoblins
  12 kobolds
  A quokka (D:4)
  2 ball pythons (D:1)
  2 frilled lizards
  11 goblins
  2 hobgoblin zombies (D:4)
  2 orc zombies (D:4)
  9 rats
130 creatures vanquished.

Notes
Turn   | Place    | Note
-------+----------+-------------------------------------------
     0 | D:1      | galech the Ogre Berserker began the quest for the Orb.
     0 | D:1      | Reached XP level 1. HP: 24/24 MP: 1/1
   335 | D:1      | Reached XP level 2. HP: 32/32 MP: 2/2
   908 | D:1      | Reached XP level 3. HP: 40/40 MP: 3/3
  1628 | D:2      | Found a stormy altar of Qazlal.
  2589 | D:2      | Reached XP level 4. HP: 47/49 MP: 4/4
  2869 | D:3      | Noticed Grinder
  2876 | D:3      | Paralysed by Grinder for 3 turns
  2879 | D:3      | Killed Grinder
  2879 | D:3      | Reached skill level 5 in Fighting
  2879 | D:3      | Reached skill level 1 in Stealth
  2879 | D:3      | Reached XP level 5. HP: 57/57 MP: 5/5
  2879 | D:3      | Reached XP level 6. HP: 66/66 MP: 6/6
  2881 | D:3      | Reached ** piety under Trog
  3779 | D:2      | Reached skill level 5 in Maces & Flails
  4152 | D:4      | Reached XP level 7. HP: 68/74 MP: 7/7
  4522 | D:4      | Found a staircase to the Ecumenical Temple.
  5438 | D:5      | Entered Level 5 of the Dungeon
  5766 | D:5      | Reached XP level 8. HP: 75/84 MP: 6/8
  6034 | D:5      | Reached *** piety under Trog
  6574 | D:5      | Reached skill level 5 in Dodging
  6900 | D:5      | HP: 3/88 [orc priest/club (2)]
  6901 | D:5      | HP: 1/88 [orc priest/club (2)]
  6902 | D:5      | Killed from afar by an orc priest

Vault maps used:
D:1:      nicolae_arrival_somewhat_less_tricky_arrival
D:2:      overflow_temple_1_default, minmay_unequal
D:3:      minmay_tree_intersection, minivault_26, uniq_grinder
D:4:      minmay_temple_entry_fiery, minmay_mini_ossuary
D:5:      first_ration
D:6:      kennysheep_six_static_rooms, cheibrodos_sewer_entry_bend,
          nicolae_zen_rock_garden, uniq_duvessa

Skill      XL: |  1  2  3  4  5  6  7  8 |
---------------+-------------------------+-----
Maces & Flails | 3 4 5 6 7 |  7.2
Dodging        | 3 4 5 |  5.2
Fighting       | 5 6 7 |  7.8
Stealth        | 1 2 |  2.1

Action                   |  1- 3 |  4- 6 |  7- 9 || total
-------------------------+-------+-------+-------++-------
Melee: Mace              |   168 |   137 |   284 ||   589
Invok: Berserk           |     1 |     1 |     4 ||     6
 Stab: Sleeping          |       |       |     3 ||     3
  Eat: Chunk             |     5 |     7 |     6 ||    18
       Ration            |       |       |     2 ||     2
Armor: Animal skin       |    72 |    56 |   110 ||   238
Dodge: Dodged            |   112 |   124 |   170 ||   406

Table legend:
 A = Spawn XP
 B = Non-spawn XP
 C = Spawn XP percentage of total XP
 D = Spawn monster count
 E = Non-spawn monster count
 F = Spawn count percentage of total count
 G = Total turns spent on level
                    A         B        C        D         E        F      G
               +---------+---------+-------+---------+---------+-------+---------
         Total |       0 |    2088 |   0.0 |       0 |     130 |   0.0 |  6902
               +---------+---------+-------+---------+---------+-------+---------
           D:1 |       0 |      44 |   0.0 |       0 |      27 |   0.0 |  1476
           D:2 |       0 |      57 |   0.0 |       0 |      18 |   0.0 |  1805
           D:3 |       0 |     463 |   0.0 |       0 |      30 |   0.0 |   770
           D:4 |       0 |     515 |   0.0 |       0 |      23 |   0.0 |  1387
           D:5 |       0 |     763 |   0.0 |       0 |      24 |   0.0 |  1429
           D:6 |       0 |     246 |   0.0 |       0 |       8 |   0.0 |    35
               +---------+---------+-------+---------+---------+-------+---------
